Unix NetHack Version 5.0.0-0 post-release - last build May  4 2026 22:22:43 (774f63e81ad911689b3a0859ea89b322d5daca8d,branch:main).

Game began 2026-05-07 19:56:35, ended 2026-05-09 22:26:45.

A4Paper, chaotic female elven Wizard

                                     ---
                                    --..-
                                   --....--      ---           ----
                                   |......--    --.--        --...-
                                      .....|-----...---  -- -....
                                       -...--..|.o....---.--...               -
                                        -...)....o.^.0.......-
                               -------  ---.................-      o
                             ---.--..|    |..|.|...o.......--
                           ---.......---  -------.........--
                           |...........| -------.......^..|
                           |......)....---...--...........--
                           --................%.....).o.....---
                      | -----..........).%.....[.##..........|
                    -.............................#.i.......--
                    -.... -------........------...).....-----
                   |...         --....----    |..@.....--
                   --            ------       --.......|
                                               .....----
                                               -.----
                                               ---
A4Paper the Thaumaturge   St:10 Dx:14 Co:11 In:20 Wi:12 Ch:11  Chaotic S:2519
Dlvl:5  $:331 HP:0(45) Pw:4(64) AC:5  Xp:6/492 T:2309  Burdened

Latest messages:
 An Uruk-hai suddenly appears!
 An Uruk-hai suddenly appears!
 Sting glimmers light blue!
 You see here 13 darts.
 You see a gas cloud dissipate.
 You see a gas cloud dissipate.
 Suddenly, the Uruk-hai falls through a trap door.
 Suddenly, the Uruk-hai falls through a trap door.
 The gnome picks up 13 darts.
 The Uruk-hai wields a crude bow!
 You see a gas cloud dissipate.
 The Uruk-hai just misses!
 What do you want to zap? [iGM or ?*]
 In what direction?
 The Uruk-hai's cloak smoulders!
 You kill the Uruk-hai!
 You kill the Uruk-hai!
 The Uruk-hai wields a crude bow!
 The crude bow welds itself to the Uruk-hai's hand!
 The gnome picks up a burnt hooded cloak.
 The gnome puts on a burnt hooded cloak.
 You see here a burnt coarse mantelet.
 The gnome picks up a pair of hard shoes.
 The Uruk-hai picks up a corroded crude short sword.
 The Uruk-hai wields a crude bow!
 The Uruk-hai picks up a pair of hard shoes.
 The Uruk-hai shoots 2 poisoned crude arrows!
 You are hit by the 1st poisoned crude arrow!
 You are hit by the 2nd poisoned crude arrow.
 You feel weaker!
 In what direction?
 The spell misses the fog cloud.
 The iguana bites!
 The Uruk-hai picks up a crude bow.
 You see a gas cloud dissipate.
 What do you want to zap? [iGM or ?*]
 Nothing happens.
 The iguana misses!
 The Uruk-hai picks up 3 poisoned crude arrows.
 You hit the iguana.
 The iguana bites!
 The Uruk-hai picks up a poisoned crude arrow.
 The Uruk-hai shoots 2 poisoned crude arrows!
 The 1st poisoned crude arrow hits the imp!
 The 2nd poisoned crude arrow hits the imp.
 The gnome picks up a thonged club.
 The Uruk-hai shoots a poisoned crude arrow!
 You are hit by a poisoned crude arrow!
 You die...
 Do you want your possessions identified? [ynq] (y)

Inventory:
 Coins    ('$')
  $ - 331 gold pieces
 Amulets  ('"')
  j - an uncursed amulet of flying
 Weapons  (')')
  P - a cursed +0 dart
  p - a +1 orcish dagger
  a - the +0 Sting (weapon in right hand, glimmering light blue)
  t - the +2 Ogresmasher
 Armor    ('[')
  b - an uncursed +2 cloak of magic resistance (being worn)
  I - an uncursed +0 leather armor (being worn)
 Comestibles  ('%')
  C - a cursed food ration
 Scrolls  ('?')
  A - an uncursed scroll of blank paper
  B - a cursed scroll of blank paper
  D - a cursed scroll of confuse monster
  k - an uncursed scroll of magic mapping
  E - 2 cursed scrolls of remove curse
 Spellbooks  ('+')
  w - an uncursed spellbook of cause fear
  l - a blessed spellbook of force bolt
  m - an uncursed spellbook of light
 Potions  ('!')
  v - a blessed potion of hallucination
 Rings    ('=')
  d - an uncursed ring of stealth
  e - an uncursed ring of teleport control
  O - an uncursed ring of warning
 Wands    ('/')
  i - a wand of fire (0:0)
  G - a cursed wand of light (0:12)
  M - a wand of magic missile (0:0)
 Tools    ('(')
  u - an uncursed sack containing 1 item
  o - an uncursed tooled horn
  n - a magic marker (0:0)
  z - an uncursed skeleton key
 Gems/Stones  ('*')
  K - an uncursed emerald
  J - an uncursed worthless piece of black glass
  L - an uncursed worthless piece of blue glass
  h - 2 uncursed worthless pieces of red glass

Contents of the sack:
  a +0 pick-axe

A4Paper the Wizard's attributes:

Background:
 You were a Thaumaturge, a level 6 female elven Wizard.
 You were chaotic, on a mission for Anhur
 who was opposed by Ptah (lawful) and Thoth (neutral).
 You were right-handed.
 You were in the Gnomish Mines, on level 5.
 You entered the dungeon 2309 turns ago.
 It was nighttime.
 You had 492 experience points, 148 more were needed to attain level 7.
 Your score was 2519 before end-of-game adjustments.

Basics:
 You had 0 out of 45 hit points.
 You had 4 out of 64 energy points (spell power).
 Your armor class was 5.
 Your wallet contained 331 zorkmids.
 Autopickup was off.

Final Characteristics:
 Your strength was 10 (peak:11, limit:18).
 Your dexterity was 14 (limit:18).
 Your constitution was 11 (limit:16).
 Your intelligence was 20 (limit:20).
 Your wisdom was 12 (limit:20).
 Your charisma was 11 (limit:18).

Final Status:
 You weren't hungry.
 You were burdened; movement was slightly slowed.
 You were wielding a dagger.
 You were unskilled in dagger and could have enhanced that.

Final Attributes:
 You were piously aligned.
 You were magic-protected.
 You were sleep resistant.
 You were aware of the presence of orcs.
 You had infravision.
 You were warded.
 You are dead.

Miscellaneous:
 You encountered 1 bones level.
 Total elapsed playing time was 28 minutes and 28 seconds.

Major events:
 Turn
    1: A4Paper the chaotic female elven Wizard entered the dungeon
  382: attained the rank of Conjurer (level 3)
  580: found Ogresmasher on the floor
  958: chose an elven dagger to be named "Sting"
 1551: entered the Gnomish Mines
 2013: attained the rank of Thaumaturge (level 6)
 2309: killed by an orcish arrow

Spells:
 Name                 Level Category     Fail Retention
 force bolt             1   attack         0%   81%-90%
 light                  1   divination     0%  76%-100%
 cause fear             3   enchantment    0%  91%-100%

Skills:
 Fighting Skills
   bare handed combat [Unskilled]
   riding             [Unskilled]
 Weapon Skills
   dagger             [Unskilled]
   knife              [Unskilled]
   axe                [Unskilled]
   short sword        [Unskilled]
   club               [Unskilled]
   mace               [Unskilled]
   quarterstaff       [Basic]
   polearms           [Unskilled]
   spear              [Unskilled]
   trident            [Unskilled]
   sling              [Unskilled]
   dart               [Unskilled]
   shuriken           [Unskilled]
 Spellcasting Skills
   attack spells      [Basic]
   healing spells     [Unskilled]
   divination spells  [Unskilled]
   enchantment spells [Basic]
   clerical spells    [Unskilled]
   escape spells      [Unskilled]
   matter spells      [Unskilled]

Voluntary challenges:
 Character rerolling was not enabled.
 You never genocided any monsters.
 You never polymorphed an object.
 You never changed form.
 You used no wishes.
Achievements:
 You attained the rank of Conjurer.
 You entered a shop.
 You entered the Gnomish Mines.
 You attained the rank of Thaumaturge.

 The Dungeons of Doom: levels 1 to 3
    Level 1:
    Level 2:
       Stairs down to The Gnomish Mines.
    Level 3:
       A general store, a grave.
 The Gnomish Mines: levels 3 to 5
    Level 3:
       A grave.
       Final resting place for
          Kwijibo4686-Val-Hum-Fem-Neu, killed by a dwarf.
    Level 5: <- You were here.
       Final resting place for
          you, killed by an orcish arrow.


Vanquished creatures:
  a ghost
  a large mimic
  a dog
  3 water moccasins
  2 Uruk-hai
  2 gnome leaders
  a gnomish wizard
  a gray ooze
  a paper golem
  a floating eye
  5 dwarves
  a kobold leader
  6 rothes
 an orc zombie
 an acid blob
  2 hobbits
  2 large kobolds
  a hobgoblin
 13 gnomes
  a gecko
  2 foxes
  3 goblins
  2 grid bugs
  a lichen
  4 newts
59 creatures vanquished.

No species were genocided or became extinct.

Game over:
                       ----------
                      /          \
                     /    REST    \
                    /      IN      \
                   /     PEACE      \
                  /                  \
                  |     A4Paper      |
                  |      331 Au      |
                  |   killed by an   |
                  |   orcish arrow   |
                  |                  |
                  |                  |
                  |       2026       |
                 *|     *  *  *      | *
        _________)/\\_//(\/(/\)/\//\/|_)_______

Goodbye A4Paper the Wizard...

You died in The Gnomish Mines on dungeon level 5 with 2486 points,
and 331 pieces of gold, after 2309 moves.
You were level 6 with a maximum of 45 hit points when you died.

